 Dungeon Crawl Stone Soup version 0.22.1-5-g62c59d919a (webtiles) character file.

12921 NochnoyZador the Grappler (level 11, -3/104 HPs)
             Began as a Troll Monk on Jan 13, 2019.
             Was the Champion of Dithmenos.
             Slain by Snorg (9 damage)
             ... on level 11 of the Dungeon.
             The game lasted 00:31:55 (10219 turns).

NochnoyZador the Grappler (Troll Monk)             Turns: 10219, Time: 00:31:56

Health: -3/104     AC: 14    Str: 23    XL:     11   Next: 68%
Magic:  13/13      EV: 14    Int:  6    God:    Dithmenos [******]
Gold:   704        SH:  0    Dex: 15    Spells: 10/10 levels left

rFire    . . .     SeeInvis .     - Unarmed
rCold    + . .     Gourm    +   (no shield)
rNeg     . . .     Faith    .   H - +2 robe {rC+}
rPois    .         Spirit   .   (helmet restricted)
rElec    .         Reflect  .   R - +1 cloak {+Inv}
rCorr    .         Harm     .   (gloves unavailable)
MR       .....                  (boots unavailable)
Stlth    ++++......             (no amulet)
HPRegen  0.67/turn              r - +5 ring of protection
MPRegen  0.13/turn              E - +2 ring of dexterity

@: wreathed by umbra
A: large, unfitting armour, claws 3, fast metabolism 3, gourmand, regeneration
1, shaggy fur 1, tough skin 2
a: Shadow Step, Shadow Form, Renounce Religion, Evoke Invisibility


You were on level 11 of the Dungeon.
You worshipped Dithmenos.
Dithmenos was exalted by your worship.
You were completely stuffed.

You visited 2 branches of the dungeon, and saw 12 of its levels.
You also visited: Sewer and Ossuary.

You collected 704 gold pieces.

Inventory:

Hand Weapons
 y - a +2 flail of protection
 C - a +0 giant spiked club
Missiles
 e - 332 stones (quivered)
 x - 5 throwing nets
 F - 55 sling bullets
Armour
 B - a +0 robe of magic resistance
 H - a +2 robe of cold resistance (worn)
 P - a +0 shield
 R - a +1 cloak of invisibility (worn)
Jewellery
 a - an uncursed ring of poison resistance
 h - an uncursed ring of wizardry
 q - a +2 ring of intelligence
 r - a +5 ring of protection (left claw)
 s - an uncursed ring of protection from magic
 D - an uncursed ring of flight
 E - a +2 ring of dexterity (right claw)
Wands
 n - a wand of acid (15)
 Q - a wand of disintegration (15)
Scrolls
 c - 3 scrolls of enchant weapon
 d - 6 scrolls of remove curse
 g - 2 scrolls of fear {unknown}
 i - 4 scrolls of teleportation
 k - 2 scrolls of enchant armour {unknown}
 l - 3 scrolls of blinking {unknown}
 w - 2 scrolls of identify
 A - 4 scrolls of magic mapping
 I - a scroll of amnesia {unknown}
 L - a scroll of noise {unknown}
 N - a scroll of fog {unknown}
 S - a scroll of brand weapon {unknown}
Potions
 j - a potion of degeneration {unknown}
 m - a potion of ambrosia {unknown}
 o - a potion of agility {unknown}
 p - 8 potions of curing {unknown}
 t - a potion of magic {unknown}
 u - 6 potions of heal wounds {unknown}
 v - 3 potions of flight {unknown}
 z - 2 potions of cancellation {unknown}
 G - a potion of resistance {unknown}
 J - 3 potions of brilliance {unknown}
 K - a potion of berserk rage {unknown}
 M - 4 potions of haste {unknown}
 O - a potion of might {unknown}
Comestibles
 b - 23 rations
 f - 2 chunks of flesh


   Skills:
 * Level 5.6 Fighting
 * Level 4.5 Maces & Flails
 * Level 7.2 Dodging
 * Level 4.0 Stealth
 * Level 0.6 Shields
 + Level 12.8 Unarmed Combat
 * Level 4.5 Invocations


You had 10 spell levels left.
You didn't know any spells.
Your spell library contained the following spells:

 Spells                   Type           Power        Failure   Level  Hunger
 Magic Dart               Conj           #...         45%         1    ##.....
 Blink                    Tloc           N/A          58%         2    ###....
 Call Imp                 Summ           #.......     58%         2    ###....
 Slow                     Hex            #.......     58%         2    ###....
 Conjure Flame            Conj/Fire      #.......     83%         3    ####...
 Mephitic Cloud           Conj/Pois/Air  #.......     83%         3    ####...


Dungeon Overview and Level Annotations

Branches:
Dungeon (11/15)            Temple (1/1) D:4            Lair (0/6) D:10
    Orc: D:9-12

Altars:
Ashenzari
Cheibriados
Dithmenos
Elyvilon
Fedhas
Gozag
Hepliaklqana
Kikubaaqudgha
Makhleb
Nemelex Xobeh
Okawaru
Qazlal
Ru
Sif Muna
Trog
Uskayaw
Vehumet
Wu Jian
Xom
Yredelemnul
Zin
The Shining One

Shops:
D:6 %   D:10 (

Annotations:
D:11 Snorg


Innate Abilities, Weirdness & Mutations

You are too large for most types of armour.
You have claws for hands.
Your metabolism is lightning-fast.
You like to eat raw meat.
Your natural rate of healing is unusually fast.
You are covered in fur. (AC +1)
You have very tough skin. (AC +2)


Message History

You are too injured to fight recklessly!
You are too injured to fight recklessly!
You are too injured to fight recklessly!
You are too injured to fight recklessly!
You are too injured to fight recklessly!
You are too injured to fight recklessly!
You are too injured to fight recklessly!
You are too injured to fight recklessly!
You are too injured to fight recklessly!
You are too injured to fight recklessly!
You are too injured to fight recklessly!
You are too injured to fight recklessly!
Snorg misses you. Snorg claws you!
* * * LOW HITPOINT WARNING * * *
Snorg claws you!
* * * LOW HITPOINT WARNING * * *
There is an open door, spattered with blood here.
You fail to use your ability.
Snorg closely misses you. Snorg completely misses you. Snorg claws you!
You die...

##########
..#####.........
.........†......
######..TY.......
.....##@#######..
..............#
............<.#
..............#
............###
............#
.......†..###
######....#
#....#


You could see Snorg (berserk) and a yak.

Vanquished Creatures
  Harold (D:7)
  A hydra (D:8)
  Erica (D:9)
  Pikel (D:7)
  Maurice (D:8)
  2 centaur skeletons
  3 hippogriffs
  2 dream sheep (D:8)
  Prince Ribbit (D:7)
  Sigmund (D:2)
  12 yaks
  A hungry ghost (D:9)
  A water moccasin (D:11)
  Duvessa (D:6)
  3 porcupines (D:9)
  6 ice beasts
  4 sky beasts
  A phantom (D:6)
  2 orc warriors
  2 centaurs
  4 ogres
  2 crocodiles (D:10)
  An elf zombie (Ossuary)
  6 big kobolds
  5 bullfrogs
  A gnoll sergeant (D:5)
  A wyvern zombie (D:6)
  Dowan (D:6)
  5 scorpions
  A troll zombie (Ossuary)
  7 killer bees
  8 wights
  7 howler monkeys (D:9)
  2 crimson imps
  3 centaur zombies
  3 hounds
  A jelly (D:10)
  A human zombie (Ossuary)
  Crazy Yiuf (D:2)
  A gnoll shaman (D:5)
  6 orc priests
  A bullfrog skeleton (D:4)
  13 orc wizards
  3 iguanas
  8 worker ants
  2 ogre zombies (Ossuary)
  A hound skeleton (D:4)
  7 mummies (Ossuary)
  A worker ant zombie (D:9)
  49 gnolls
  A howler monkey skeleton (D:5)
  3 river rats (Sewer)
  12 adders
  A shadow imp (D:5)
  5 adder zombies (Ossuary)
  5 worms
  3 leopard geckos
  41 orcs
  11 giant cockroaches
  11 goblins
  7 hobgoblins
  34 jackals
  17 kobolds
  7 quokkas
  2 ball pythons
  8 bats
  4 frilled lizards (D:1)
  A gnoll zombie (Ossuary)
  5 goblin zombies (Ossuary)
  A hobgoblin zombie (Ossuary)
  6 kobold zombies (Ossuary)
  3 quokka zombies (Ossuary)
  6 rats
  2 rat zombies (Ossuary)
395 creatures vanquished.

Vanquished Creatures (others)
  4 fungi
4 creatures vanquished.

Grand Total: 399 creatures vanquished

Notes
Turn   | Place    | Note
-------+----------+-------------------------------------------
     0 | D:1      | NochnoyZador the Troll Monk began the quest for the Orb.
     0 | D:1      | Reached XP level 1. HP: 22/22 MP: 0/0
    98 | D:1      | Reached XP level 2. HP: 29/29 MP: 1/1
   221 | D:1      | Reached skill level 4 in Unarmed Combat
   319 | D:1      | Reached XP level 3. HP: 36/36 MP: 2/2
   958 | D:2      | Reached XP level 4. HP: 43/44 MP: 3/3
  1029 | D:2      | Reached skill level 5 in Unarmed Combat
  1162 | D:2      | Noticed Sigmund
  1175 | D:2      | Killed Sigmund
  1175 | D:2      | Reached skill level 6 in Unarmed Combat
  1175 | D:2      | Reached XP level 5. HP: 30/50 MP: 4/4
  1211 | D:2      | Found a runed door.
  1380 | D:2      | Noticed Crazy Yiuf
  1386 | D:2      | Killed Crazy Yiuf
  1460 | D:3      | Found a white marble altar of Elyvilon.
  1493 | D:3      | Became a worshipper of Elyvilon the Healer
  1493 | D:3      | Reached * piety under Elyvilon
  1493 | D:3      | Reached ** piety under Elyvilon
  1529 | D:3      | Reached XP level 6. HP: 53/59 MP: 5/5
  1738 | D:3      | Reached skill level 7 in Unarmed Combat
  1873 | D:3      | Found a runed door.
  1873 | D:3      | Noticed a human
  1874 | D:3      | Found a basalt altar of Yredelemnul.
  2395 | D:4      | Reached XP level 7. HP: 63/66 MP: 6/6
  2569 | D:4      | Reached skill level 8 in Unarmed Combat
  3022 | D:4      | Reached *** piety under Elyvilon
  3252 | D:4      | Found a staircase to the Ecumenical Temple.
  3259 | Temple   | Entered the Ecumenical Temple
  3615 | Temple   | Fell from the grace of Elyvilon
  3615 | Temple   | Became a worshipper of Dithmenos the Shadowed
  3894 | D:5      | Entered Level 5 of the Dungeon
  3970 | D:5      | Found a shadowy altar of Dithmenos.
  3975 | D:5      | Reached XP level 8. HP: 75/75 MP: 7/7
  4282 | D:5      | Reached * piety under Dithmenos
  4287 | D:5      | Reached skill level 9 in Unarmed Combat
  4373 | D:5      | Found a glowing drain.
  4407 | Sewer    | Entered a sewer
  4523 | Sewer    | Found a white marble altar of Elyvilon.
  4929 | D:5      | Reached ** piety under Dithmenos
  5262 | D:5      | Reached skill level 10 in Unarmed Combat
  5304 | D:5      | Reached *** piety under Dithmenos
  5322 | D:5      | Was forgiven by Elyvilon
  5419 | D:5      | Reached XP level 9. HP: 83/83 MP: 8/8
  5675 | D:6      | Reached skill level 5 in Dodging
  5743 | D:6      | Noticed Duvessa
  5748 | D:6      | Killed Duvessa
  5749 | D:6      | Noticed Dowan
  5760 | D:6      | Killed Dowan
  5764 | D:6      | Reached skill level 1 in Maces & Flails
  5764 | D:6      | Reached skill level 1 in Invocations
  5843 | D:6      | Found Xopsyr Rerpho's Food Emporium.
  6071 | D:6      | Found a glowing golden altar of the Shining One.
  6071 | D:6      | Found an ornate altar of the Wu Jian Council.
  6468 | D:7      | Found a blossoming altar of Fedhas.
  6652 | D:7      | Reached skill level 11 in Unarmed Combat
  6801 | D:7      | Reached XP level 10. HP: 94/94 MP: 10/10
  6834 | D:7      | Noticed Prince Ribbit
  6840 | D:7      | Killed Prince Ribbit
  6871 | D:7      | Noticed Harold
  6884 | D:7      | Killed Harold
  6981 | D:7      | Noticed Pikel
  6989 | D:7      | Killed Pikel
  7257 | D:8      | Reached **** piety under Dithmenos
  7294 | D:8      | Noticed a three-headed hydra
  7386 | D:8      | Found a sand-covered staircase.
  7393 | Ossuary  | Entered an ossuary
  7657 | Ossuary  | Reached ***** piety under Dithmenos
  7778 | D:8      | Reached skill level 12 in Unarmed Combat
  7818 | D:8      | Found a radiant altar of Vehumet.
  7963 | D:8      | Reached skill level 5 in Fighting
  8133 | D:8      | Noticed Maurice
  8150 | D:8      | Killed Maurice
  8329 | D:8      | Killed a three-headed hydra
  8329 | D:8      | Reached XP level 11. HP: 29/102 MP: 12/12
  8861 | D:9      | Noticed Erica
  8869 | D:9      | Killed Erica
  9125 | D:9      | Found an opulent altar of Gozag.
  9458 | D:10     | Entered Level 10 of the Dungeon
  9595 | D:10     | Found a staircase to the Lair.
  9767 | D:10     | Found Teitum's Weapon Boutique.
  9826 | D:10     | Reached ****** piety under Dithmenos
 10205 | D:11     | Noticed Snorg
 10218 | D:11     | HP: 5/104 [Snorg (10)]
 10219 | D:11     | Slain by Snorg

Skill      XL: |  1  2  3  4  5  6  7  8  9 10 11 |
---------------+----------------------------------+-----
Unarmed Combat | 4 6 7 8 10 11 12 | 12.8
Dodging        | 3 4 5 6 7 |  7.2
Fighting       | 3 4 5 |  5.6
Stealth        | 2 3 4 |  4.0
Maces & Flails | 2 3 4 |  4.5
Invocations    | 2 3 4 |  4.5
Shields        | |  0.6

Action                   |  1- 3 |  4- 6 |  7- 9 | 10-12 || total
-------------------------+-------+-------+-------+-------++-------
Melee: Unarmed           |   120 |   101 |   539 |   442 ||  1202
       Punch             |     3 |     1 |    28 |    24 ||    56
       Flail             |       |       |       |    11 ||    11
  Use: Scroll            |     1 |       |     1 |     3 ||     5
 Stab: Sleeping          |       |     1 |     3 |    18 ||    22
       Distracted        |       |       |     2 |     1 ||     3
  Eat: Chunk             |    14 |    14 |    41 |    36 ||   105
Armor: Robe              |    38 |    40 |   213 |   177 ||   468
Dodge: Dodged            |    74 |    39 |   347 |   307 ||   767
